 Dungeon Crawl Stone Soup version 0.21.1-1-g345015f (webtiles) character file.

65 Krilegs the Sneak (level 3, -2/16 HPs)
             Began as a Spriggan Enchanter on May 7, 2018.
             Slain by a gnoll
             ... wielding a cursed +0 halberd
              (8 damage)
             ... on level 3 of the Dungeon.
             The game lasted 00:04:12 (2457 turns).

Krilegs the Sneak (Spriggan Enchanter)              Turns: 2457, Time: 00:04:13

Health: -2/16      AC:  2    Str:  5    XL:     3   Next: 94%
Magic:  1/8        EV: 19    Int: 16    God:
Gold:   149        SH:  0    Dex: 18    Spells: 4/7 levels left

rFire    . . .     SeeInvis +   a - +2 dagger
rCold    . . .     Gourm    .   (shield restricted)
rNeg     . . .     Faith    .   b - +0 robe
rPois    .         Spirit   .   (helmet restricted)
rElec    .         Reflect  .   (no cloak)
rCorr    .         Harm     .   (gloves unavailable)
MR       .....                  (boots unavailable)
Stlth    ++++......             o - amulet of rage
HPRegen  0.05/turn              p - +2 ring of dexterity
MPRegen  0.11/turn              (no ring)

@: very slightly contaminated, very quick
A: very small, unfitting armour, see invisible, herbivore, speed 3, slow
metabolism 2
a: Evoke Berserk Rage


You were on level 3 of the Dungeon.
You were not hungry.

You visited 1 branch of the dungeon, and saw 3 of its levels.

You collected 149 gold pieces.

Inventory:

Hand Weapons
 a - a +2 dagger (weapon)
Armour
 b - a +0 robe (worn)
Jewellery
 o - an amulet of rage (around neck)
 p - a +2 ring of dexterity (left hand)
Scrolls
 e - 2 scrolls of identify
 f - 3 scrolls of amnesia
 i - a scroll of teleportation
 l - a scroll of immolation
Potions
 g - a potion of agility {unknown}
 h - a potion of lignification {unknown}
 j - a potion of brilliance {unknown}
 m - a potion of curing {unknown}
 n - a potion of heal wounds {unknown}
Books
 c - a book of Maledictions

   Spells                             Type                      Level
   a - Corona                         Hexes                        1
   b - Ensorcelled Hibernation        Hexes/Ice                    2
   c - Confuse                        Hexes                        3
   d - Tukima's Dance                 Hexes                        3
   e - Dazzling Spray                 Conjuration/Hexes            3
Comestibles
 d - 5 rations


   Skills:
 + Level 0.2 Fighting
 + Level 1.5 Short Blades
 + Level 3.2 Dodging
 * Level 6.5 Stealth
 + Level 2.8 Spellcasting
 + Level 4.0 Hexes


You had 4 spell levels left.
You knew the following spells:

 Your Spells              Type           Power        Failure   Level  Hunger
a - Corona                Hex            ###....      3%          1    #......
b - Ensorcelled Hibernat  Hex/Ice        #.....       12%         2    ##.....


Dungeon Overview and Level Annotations

Branches:
Dungeon (3/15)

Altars:


Innate Abilities, Weirdness & Mutations

You are very small and have problems with some larger weapons.
You are too small for most types of armour.
You have supernaturally acute eyesight. (SInv)
You are a herbivore.
You cover ground extremely quickly.
You need consume almost no food.


Message History

Aiming: Ensorcelled Hibernation
Press: ? - help, Shift-Dir - straight line, f/p - gnoll
Aim: a gnoll, wielding a club, wearing a scale mail and wearing a large shield (chance to defeat MR: 49%)
The gnoll resists with some effort.
The gnoll throws a stone.
The stone closely misses you.
You see here a stone.
The gnoll throws a stone.
The stone hits you but does no damage.
You see here a stone.
Casting: Ensorcelled Hibernation
Confirm with . or Enter, or press ? or * to list all spells.
Aiming: Ensorcelled Hibernation
Press: ? - help, Shift-Dir - straight line, f/p - gnoll
Aim: a gnoll, wielding a club, wearing a scale mail and wearing a large shield (chance to defeat MR: 49%)
The gnoll looks drowsy...
A gnoll comes into view. It is wielding a halberd.
The gnoll hits you with a halberd.
The gnoll shouts!
You hit the gnoll but do no damage. The gnoll hits you with a halberd!
Ouch! That really hurt!
You die...

....... #........†.#
........#..........#
######.......#..........#
................###.....#
...g..#.##......# #.....#
......#..#..#...###.....##
.......g....#............#
.....(......#..g.........#
.....(g.....#..g@..(.....####
.....(.......#..............#
.............#...........##.#
.####.........(..########...#
. #......>####.# ###.### .
#.....#.# #.# #...# .
#.....#.# #.# #.######### .
#########.# #.# #.#<......# .
#....†....####.# #.#######.#


You could see 2 gnolls.

Vanquished Creatures
  A jelly (D:3)
  2 worms
  2 dart slugs (D:1)
  3 leopard geckos
  4 hobgoblins
  A kobold (D:1)
  A quokka (D:3)
  2 bats
  3 frilled lizards
  2 goblins
  2 rats (D:1)
23 creatures vanquished.

Notes
Turn   | Place    | Note
-------+----------+-------------------------------------------
     0 | D:1      | Krilegs the Spriggan Enchanter began the quest for the Orb.
     0 | D:1      | Reached XP level 1. HP: 9/9 MP: 5/5
   267 | D:1      | Reached skill level 5 in Stealth
   267 | D:1      | Reached XP level 2. HP: 13/13 MP: 6/6
  2025 | D:3      | Reached skill level 6 in Stealth
  2025 | D:3      | Reached XP level 3. HP: 16/16 MP: 8/8
  2408 | D:3      | Learned a level 2 spell: Ensorcelled Hibernation
  2457 | D:3      | Slain by a gnoll

Skill      XL: |  1  2 |
---------------+-------+-----
Stealth        | 5 6 |  6.5
Hexes          | 4 |  4.0
Fighting       | |  0.2
Short Blades   | |  1.5
Dodging        | |  3.2
Spellcasting   | |  2.8

Action                   || total
-------------------------++-------
Melee: Dagger            ||   113
 Cast: Ensorcelled Hiber ||     3
  Use: Scroll            ||     5
 Stab: Sleeping          ||     9
Armor: Robe              ||     7
Dodge: Dodged            ||    61
